Map: Equilibrium LE

Players

SubN

  • Race: Zerg Zerg
  • League: Diamond
  • Spawn Location: 11:00

Taos - Winner!

  • Race: Protoss Protoss
  • League: Diamond
  • Spawn Location: 1:00

VOD

Have the link to the VOD?

Description

Time

  • Played on: Dec. 22, 2023, 9:30 p.m.
  • Length: 21:05
Show
View Real Time Build Order
Export as new Build Order

SubN Zerg 

Build Orders: Hatch First, Lurkers 

Get SALT Encoding   

  12  0:00  Drone  
  13  0:12  Overlord  
  13  0:16  Drone  
  14  0:30  Drone x2  
  14  0:34  Drone  
  17  0:51  Hatchery  
  17  0:54  Drone  
  17  0:57  Drone  
  17  1:02  Extractor  
  17  1:13  Spawning Pool  
  17  1:15  Drone  
  17  1:19  Drone  
  18  1:27  Drone  
  19  1:38  Drone  
  20  1:48  Overlord  
  20  1:59  Drone  
  21  2:02  Queen  
  21  2:03  Queen  
  25  2:08  Metabolic Boost  
  25  2:17  Drone x3  
  28  2:27  Drone x2  
  30  2:37  Drone  
  31  2:44  Queen  
  31  2:46  Drone  
  31  2:48  Drone  
  31  2:49  Hatchery  
  34  2:54  Drone x2  
  36  3:00  Overlord  
  36  3:05  Overlord  
  36  3:08  Overlord  
  37  3:20  Drone  
  37  3:22  Drone x3  
  40  3:28  Drone  
  40  3:29  Drone  
  42  3:36  Drone  
  43  3:44  Extractor  
  43  3:45  Extractor  
  43  3:46  Overlord  
  43  3:48  Queen  
  43  3:51  Drone x4  
  47  3:59  Extractor  
  46  4:03  Zergling x4  
  48  4:13  Drone  
  48  4:15  Drone x3, Roach Warren  
  51  4:20  Drone x4  
  55  4:30  Drone x3  
  58  4:31  Lair  
  58  4:33  Queen  
  58  4:34  Queen  
  62  4:40  Drone x5  
  65  4:51  Drone x2  
  67  4:57  Evolution Chamber  
  67  4:58  Evolution Chamber  
  65  5:07  Overlord x5  
  65  5:23  Zerg Missile Weapons Level 1  
  65  5:24  Zerg Ground Armor Level 1  
  65  5:26  Drone x9  
  65  5:27  Drone  
  75  5:30  Extractor x2  
  75  5:33  Roach  
  75  5:34  Roach x4  
  83  5:39  Glial Reconstitution  
  83  5:42  Drone x2  
  85  5:45  Drone  
  86  5:51  Drone  
  86  5:52  Drone  
  86  5:55  Drone  
  89  6:08  Ravager x5  
  89  6:11  Roach x4  
  96  6:12  Roach  
  96  6:16  Hatchery  
  103  6:19  Overlord x4  
  103  6:39  Roach x3  
  127  6:40  Roach x10  
  127  6:44  Overlord  
  129  6:56  Overlord x3  
  129  6:57  Overlord  
  129  7:11  Zergling x16  
  137  7:22  Roach  
  145  7:23  Roach x6  
  139  7:34  Roach  
  139  7:35  Roach x6  
  143  7:45  Queen  
  143  7:48  Zerg Ground Armor Level 2, Zerg Missile Weapons Level 2  
  139  8:03  Hydralisk Den  
  138  8:16  Drone x11, Infestation Pit  
  138  8:17  Drone  
  149  8:20  Extractor  
  149  8:21  Overlord x3  
  149  8:25  Ravager x5  
  149  8:26  Ravager x6  
  159  8:32  Drone  
  160  8:36  Hydralisk, Muscular Augments  
  160  8:37  Hydralisk x2  
  166  8:50  Lurker Den  
  166  8:53  Hydralisk  
  166  8:54  Hydralisk x5  
  174  9:16  Overseer x4  
  173  9:18  Drone x3  
  173  9:19  Drone x5  
  173  9:20  Drone  
  173  9:22  Extractor  
  181  9:25  Hive  
  181  9:30  Hatchery  
  180  9:32  Drone x2  
  180  9:33  Drone  
  183  9:40  Grooved Spines  
  183  9:46  Hatchery  
  183  9:47  Unknown  
  181  9:54  Overlord x4  
  106  10:28  Hydralisk  
  106  10:29  Hydralisk x17  
  142  10:42  Seismic Spines  
  142  10:44  Queen  
  142  10:46  Overlord x3  
  142  10:47  Viper x3  
  153  10:57  Lurker x2  
  153  10:58  Lurker  
  153  11:03  Extractor  
  155  11:04  Drone  
  155  11:05  Drone x2  
  155  11:07  Drone x3  
  161  11:12  Drone  
  161  11:15  Zergling x22  
  161  11:16  Zergling x10  
  178  11:19  Zerg Ground Armor Level 3  
  178  11:30  Extractor  
  177  11:34  Zergling x2  
  177  11:36  Lurker x4  
  177  11:39  Adaptive Talons  
  182  11:40  Lurker  
  182  11:44  Hydralisk  
  182  11:45  Hydralisk x2  
  183  12:08  Hydralisk x9  
  183  12:14  Overseer x2  
  199  12:15  Overseer  
  199  12:16  Overseer  
  199  12:18  Overlord x4  
  199  12:21  Hatchery  
  157  12:47  Hydralisk x13  
  157  12:48  Hydralisk x8  
  157  12:51  Lurker  
  181  13:22  Lurker x3  
  181  13:23  Lurker x3  
  181  13:24  Lurker x5  
  119  13:56  Hydralisk  
  119  13:57  Hydralisk x14  
  114  14:35  Spawning Pool  
  114  14:36  Drone x3  
  116  14:39  Drone x5  
  116  14:40  Drone x7  
  116  14:43  Extractor  
  116  14:44  Extractor  
  126  14:50  Hydralisk x3  
  131  14:58  Hatchery  
  130  15:03  Hydralisk x7  
  135  15:41  Lurker Den  
  134  15:43  Ultralisk Cavern, Zerg Missile Weapons Level 3  
  134  15:46  Adrenal Glands  
  133  15:51  Zergling x2  
  133  15:52  Zergling x24  
  146  15:59  Baneling Nest  
  146  16:02  Queen  
  146  16:03  Drone x4  
  151  16:12  Hatchery  
  151  16:14  Hatchery  
  149  16:32  Chitinous Plating  
  149  16:33  Viper  
  149  16:35  Ultralisk  
  149  16:36  Ultralisk x6  
  149  16:37  Evolution Chamber  
  193  17:02  Zergling x2  
  193  17:03  Zergling x10  
  199  17:11  Overseer  
  199  17:12  Overseer  
  199  17:15  Spine Crawler  
  133  17:51  Anabolic Synthesis  
  133  17:52  Hydralisk  
  133  17:53  Hydralisk x7  
  133  17:57  Hydralisk x8  
  140  17:58  Zergling x2  
  140  17:59  Zergling x2  
  140  18:03  Queen  
  143  18:11  Centrifugal Hooks  
  143  18:12  Extractor  
  142  18:15  Drone x7, Extractor  
  142  18:17  Queen  
  142  18:19  Drone x3  
  153  18:21  Zerg Melee Weapons Level 1, Queen  
  155  18:36  Drone x5  
  155  18:39  Drone x2  
  155  18:40  Drone x4  
  166  18:52  Baneling x4  
  166  18:53  Zergling x2  
  166  18:54  Zergling x18  
  176  19:02  Ultralisk  
  182  19:03  Hatchery, Extractor  
  182  19:04  Zergling x2  
  182  19:05  Zergling x6  
  182  19:08  Extractor  
  179  19:33  Zergling x2  
  168  19:43  Zergling x2  
  168  19:44  Zergling x30  
  165  19:52  Hydralisk  
  165  19:53  Hydralisk x4  
  129  20:15  Hydralisk x4  
  129  20:16  Hydralisk x10  
  121  20:29  Queen  
  108  20:56  Hatchery  
  129  20:58  Extractor  
  129  20:59  Extractor  
  129  21:01  Extractor  
Show
View Real Time Build Order
Export as new Build Order

Taos Protoss - Winner!

Build Orders: 1 Gate Expand, Archon Immortal 

Get SALT Encoding   

  12  0:00  Probe  
  13  0:15  Probe  
  13  0:18  Pylon  
  14  0:27  Probe  
  15  0:37  Gateway  
  15  0:40  Gateway  
  15  0:42  Probe (Chrono Boost)  
  16  0:52  Probe (Chrono Boost)  
  16  0:53  Assimilator  
  17  0:57  Probe (Chrono Boost)  
  18  1:08  Probe  
  19  1:21  Probe  
  20  1:29  Cybernetics Core  
  20  1:34  Assimilator  
  20  1:43  Nexus  
  20  1:46  Probe  
  21  1:58  Probe  
  21  1:59  Pylon  
  22  2:08  Warp Gate  
  22  2:11  Probe  
  23  2:16  Adept (Chrono Boost)  
  23  2:19  Robotics Facility  
  25  2:23  Probe  
  26  2:35  Gateway  
  26  2:36  Probe  
  27  2:48  Stalker  
  27  2:49  Probe (Chrono Boost)  
  30  2:56  Probe (Chrono Boost)  
  31  3:01  Pylon  
  31  3:05  Probe (Chrono Boost)  
  33  3:06  Probe (Chrono Boost)  
  33  3:10  Observer  
  33  3:12  Probe x2  
  35  3:18  Adept  
  38  3:23  Twilight Council  
  38  3:25  Probe (Chrono Boost)  
  38  3:26  Probe (Chrono Boost)  
  41  3:35  Probe (Chrono Boost), Assimilator  
  41  3:36  Probe (Chrono Boost)  
  41  3:40  Probe (Chrono Boost)  
  41  3:41  Probe (Chrono Boost)  
  44  3:50  Shield Battery  
  44  3:52  Probe  
  44  3:55  Pylon  
  45  3:56  Probe  
  46  4:04  Probe  
  46  4:08  Probe  
  48  4:13  Nexus  
  48  4:16  Probe  
  49  4:19  Pylon  
  49  4:20  Probe  
  50  4:25  Stalker  
  50  4:26  Stalker  
  54  4:33  Immortal (Chrono Boost)  
  58  4:42  Charge  
  58  5:02  Zealot  
  58  5:03  Zealot  
  58  5:04  Probe  
  58  5:05  Probe  
  64  5:09  Immortal (Chrono Boost)  
  64  5:10  Pylon  
  64  5:12  Gateway  
  64  5:13  Gateway  
  68  5:14  Forge  
  68  5:17  Probe x2  
  70  5:25  Probe (Chrono Boost)  
  71  5:29  Assimilator  
  71  5:34  Probe (Chrono Boost)  
  71  5:35  Probe (Chrono Boost)  
  73  5:37  Probe (Chrono Boost)  
  74  5:43  Immortal (Chrono Boost)  
  74  5:44  Probe (Chrono Boost)  
  74  5:45  Probe (Chrono Boost)  
  74  5:46  Probe (Chrono Boost)  
  74  5:48  Zealot x2  
  85  5:50  Probe x2 (Chrono Boost)  
  85  5:51  Pylon  
  85  5:52  Probe (Chrono Boost), Assimilator  
  88  5:57  Protoss Ground Weapons Level 1 (Chrono Boost)  
  88  6:00  Probe  
  88  6:03  Probe  
  88  6:04  Probe  
  91  6:12  Probe, Zealot x4  
  91  6:15  Probe  
  101  6:29  Nexus  
  101  6:30  Pylon  
  101  6:36  Pylon  
  101  6:47  Gateway  
  101  6:48  Probe  
  101  6:50  Gateway  
  102  6:57  Zealot x2  
  102  6:58  Zealot x2  
  110  7:08  Pylon  
  110  7:10  Pylon  
  110  7:12  Gateway  
  110  7:13  Gateway  
  110  7:14  Shield Battery  
  110  7:17  Photon Cannon  
  110  7:21  Unknown  
  108  7:22  Pylon  
  102  7:30  Zealot x3  
  102  7:31  Zealot  
  102  7:32  Shield Battery  
  100  7:46  Zealot x2  
  104  7:52  Zealot x4  
  112  7:58  Assimilator  
  112  8:02  Probe (Chrono Boost)  
  113  8:11  Zealot x4  
  113  8:12  Probe (Chrono Boost)  
  122  8:14  Immortal (Chrono Boost)  
  122  8:16  Templar Archives  
  126  8:22  Robotics Facility  
  126  8:23  Stalker x4  
  134  8:29  Probe x3 (Chrono Boost)  
  134  8:30  Probe (Chrono Boost)  
  138  8:36  Protoss Ground Armor Level 1 (Chrono Boost)  
  139  8:41  Probe (Chrono Boost)  
  139  8:47  Probe x3 (Chrono Boost)  
  142  8:51  Probe (Chrono Boost)  
  142  8:54  Probe x3 (Chrono Boost), High Templar  
  142  8:55  High Templar x4  
  156  8:59  Pylon  
  156  9:01  Archon  
  156  9:03  Archon  
  153  9:18  Zealot  
  153  9:19  Zealot x2  
  153  9:21  Psionic Storm  
  159  9:34  Zealot x2  
  159  9:35  Nexus  
  159  9:36  Pylon  
  159  9:38  Pylon  
  163  9:40  Assimilator  
  163  9:42  Pylon  
  163  9:43  Pylon  
  163  9:44  Assimilator  
  163  9:45  Pylon  
  163  9:46  Pylon  
  163  9:47  Pylon  
  163  9:48  Gateway  
  163  9:49  Gateway  
  163  9:50  Gateway  
  163  9:53  Immortal  
  163  9:56  Forge  
  133  10:07  Zealot x3  
  133  10:08  Zealot x5  
  98  10:28  Zealot  
  98  10:29  Zealot x7  
  114  10:37  Shield Battery, Protoss Ground Weapons Level 2 (Chrono Boost)  
  114  10:38  Probe, Protoss Ground Armor Level 2 (Chrono Boost), Photon Cannon  
  114  10:39  Probe x3  
  114  10:40  Photon Cannon  
  118  10:48  Immortal x2 (Chrono Boost)  
  126  10:51  Zealot x2  
  126  10:52  High Templar, Zealot x4  
  126  10:53  High Templar x4  
  126  10:57  Archon x2  
  148  11:00  Shield Battery  
  148  11:03  Photon Cannon  
  148  11:04  Probe x3  
  149  11:07  Probe x2  
  153  11:15  High Templar x2  
  153  11:16  Probe x2, Zealot x3  
  153  11:17  Zealot  
  167  11:24  Immortal (Chrono Boost), Photon Cannon  
  172  11:26  Shield Battery  
  172  11:28  Observer (Chrono Boost), Photon Cannon x2  
  172  11:30  Photon Cannon  
  172  11:31  Shield Battery  
  172  11:38  Immortal, High Templar x4  
  172  11:39  High Templar  
  186  11:40  High Templar x3  
  186  11:41  Zealot  
  186  11:42  Archon x2  
  186  11:44  Archon  
  194  11:48  Zealot x2  
  198  12:13  Zealot  
  176  12:55  Zealot x8  
  176  12:56  Zealot x3  
  116  14:16  Zealot x4  
  116  14:17  Zealot x7  
  116  14:19  Probe  
  116  14:20  Probe x4  
  103  14:32  Probe x5  
  104  14:40  Zealot x4  
  104  14:41  Zealot x7  
  104  14:44  Probe x2  
  128  14:48  Protoss Ground Weapons Level 3 (Chrono Boost), Protoss Ground Armor Level 3 (Chrono Boost)  
  128  14:53  Probe x3  
  128  14:56  Probe  
  132  15:02  Stargate  
  132  15:04  Stargate  
  128  15:07  Pylon  
  128  15:10  Pylon  
  98  15:38  High Templar x4  
  98  15:39  Zealot x2  
  98  15:40  Immortal x2 (Chrono Boost), Zealot x5  
  132  15:54  Void Ray  
  132  16:00  Photon Cannon  
  132  16:02  Photon Cannon  
  132  16:04  Shield Battery  
  132  16:08  Photon Cannon  
  132  16:12  Immortal x2  
  132  16:16  Zealot x7  
  132  16:18  High Templar x4  
  158  16:22  Archon x2  
  162  16:39  High Templar x4  
  170  16:40  High Templar x3, Nexus  
  170  16:43  Pylon  
  170  16:44  Pylon  
  170  16:45  Archon x3  
  184  16:48  Assimilator  
  184  16:49  Void Ray x2  
  184  16:52  Assimilator  
  184  16:55  Pylon  
  184  16:58  Immortal (Chrono Boost)  
  188  17:04  Protoss Air Weapons Level 1 (Chrono Boost)  
  192  17:10  Zealot x4  
  192  17:15  Observer (Chrono Boost)  
  197  17:29  Nexus  
  183  17:31  Pylon  
  183  17:34  Observer  
  150  17:55  Zealot x11  
  158  18:08  Immortal (Chrono Boost)  
  158  18:09  Immortal (Chrono Boost)  
  174  18:14  Void Ray  
  174  18:15  Void Ray  
  174  18:18  Zealot x2  
  174  18:19  Zealot x9  
  196  18:21  Shield Battery  
  196  18:23  Photon Cannon  
  196  18:24  Photon Cannon  
  196  18:28  Pylon  
  196  18:29  Assimilator  
  196  18:31  Assimilator  
  196  18:33  Photon Cannon  
  196  18:34  Photon Cannon  
  196  18:35  Photon Cannon  
  196  18:36  Gateway  
  196  18:37  Shield Battery  
  196  18:38  Photon Cannon  
  196  18:39  Shield Battery  
  196  18:41  Immortal  
  200  18:45  Shield Battery  
  200  19:08  Protoss Shields Level 1 (Chrono Boost)  
  176  19:46  Zealot x8  
  176  19:47  Zealot x3  
  146  20:36  Observer  
  146  20:46  Zealot  
  146  20:47  Zealot x3  
  146  20:48  Zealot x7  
Tags
 
Add a new tag
Caveats
  • Supply blocks, unpowered buildings, or Contaminate may cause inaccurate times.
  • Supply counts are checked every 10 seconds.